 Dungeon Crawl Stone Soup version 0.26-b1-59-ge38874ec40 (webtiles) character file.

Game seed: 12599167475033085739

1481 Nolbo the Skirmisher (level 8, 0/58 (73) HPs)
             Began as a Green Draconian Transmuter on Jan 8, 2021.
             Was a Follower of Makhleb.
             Slain by a wraith (1 damage)
             ... in an ossuary.
             The game lasted 00:14:12 (7732 turns).

Nolbo the Skirmisher (Green Draconian Transmuter)   Turns: 7732, Time: 00:14:13

HP:   0/58 (73)     AC:  8    Str: 15    XL:     8   Next: 50%
MP:   11/11         EV: 12    Int: 15    God:    Makhleb [*.....]
Gold: 272           SH:  0    Dex: 12    Spells: 6/12 levels left

rFire    . . .     SeeInvis +     - Unarmed
rCold    . . .     Faith    .   (no shield)
rNeg     . . .     Spirit   .   (armour unavailable)
rPois    +         Reflect  .   (helmet currently unavailable)
rElec    .         Harm     .   (no cloak)
rCorr    .         Rampage  .   q - +1 pair of gloves
Will     .....                  (boots currently unavailable)
Stlth    +.........             (no amulet)
HPRegen  0.19/turn              p - ring of see invisible
MPRegen  0.12/turn              (no ring)

@: appendages, slowed, heavily drained, very slow
A: breathe noxious fumes, unfitting armour, horns 2, talons 2, poison
resistance, strong 1, cold-blooded, MP-powered wands, AC +6
a: Breathe Noxious Fumes, End Transformation, Renounce Religion


You were in an ossuary.
You worshipped Makhleb.
Makhleb was aware of your devotion.
You had grown temporary horns.
You had grown temporary talons.
You visited 2 branches of the dungeon, and saw 7 of its levels.
You also visited: Ossuary.

You collected 352 gold pieces.
You spent 80 gold pieces at shops.

Inventory:

Armour
 c - a +0 kite shield
 q - a +1 pair of gloves (worn)
Magical Staves
 v - an uncursed staff of conjuration
Jewellery
 p - a ring of see invisible (left hand)
Wands
 m - a wand of disintegration (15)
Scrolls
 a - 2 scrolls of fog
 b - 2 scrolls of teleportation
 g - 3 scrolls of magic mapping
 j - 2 scrolls of blinking
 k - 2 scrolls of amnesia
 l - 8 scrolls of remove curse
 o - a scroll of immolation
 r - a scroll of enchant armour
 s - 3 scrolls of enchant weapon
 w - 2 scrolls of random uselessness
Potions
 d - a potion of magic
 e - 2 potions of degeneration {unknown}
 f - a potion of attraction {unknown}
 h - a potion of curing
 i - a potion of haste {unknown}
 n - a potion of ambrosia
 t - a potion of heal wounds
 u - a potion of cancellation {unknown}
 x - a potion of might {unknown}


   Skills:
 + Level 7.0 Fighting
 - Level 1.7 Dodging
 + Level 4.9 Shields
 - Level 3.0 Unarmed Combat
 - Level 2.6 Spellcasting
 + Level 6.7 Transmutations


You had 6 spell levels left.
You knew the following spells:

 Your Spells              Type           Power        Failure   Level
a - Beastly Appendage     Tmut           44%          1%          1
b - Wereblood             Tmut           22%          1%          2
c - Spider Form           Tmut/Pois      6%           16%         3

Your spell library contained the following spells:

 Spells                   Type           Power        Failure   Level
 Blade Hands              Tmut           11%          36%         5
 Ice Form                 Ice/Tmut       12%          45%         4


Dungeon Overview and Level Annotations

Branches:
Dungeon (6/15)             Temple (1/1) D:4         Ossuary (1/1)

Altars:
Ashenzari
Cheibriados
Dithmenos
Elyvilon
Fedhas
Gozag
Hepliaklqana
Kikubaaqudgha
Makhleb
Nemelex Xobeh
Qazlal
Sif Muna
Trog
Uskayaw
Xom
Yredelemnul
Zin
The Shining One

Shops:
D:4 ?


Innate Abilities, Weirdness & Mutations

You can breathe blasts of noxious fumes.
Your lurid green scales are hard. (AC +6)
You cannot fit into any form of body armour.
Your system is resistant to poisons. (rPois)
You are cold-blooded and may be slowed by cold attacks.
You have a pair of horns on your head.
You have razor-sharp toenails.
Your muscles are strong. (Str +2)
You expend magic power (3 MP) to strengthen your wands.


Message History

You barely miss the wraith. You claw the wraith, but do no damage.
The wraith is almost destroyed.
The wraith hits you!
* * * LOW HITPOINT WARNING * * *
The wraith hits you but does no damage.
You hit the wraith but do no damage.
The wraith is almost destroyed.
The wraith barely misses you.
You barely miss the wraith.
The wraith is almost destroyed.
The wraith hits you!
* * * LOW HITPOINT WARNING * * *
You hit the wraith but do no damage. You claw the wraith.
The wraith is almost destroyed.
The wraith hits you but does no damage.
You hit the wraith but do no damage.
You tail-slap the wraith, but do no damage.
The wraith is almost destroyed.
The wraith hits you.
You die...

#'# #.# ###.###
#W▓.▓z# ###.###
#.#
######'#######
#.............#
#.+##.###.##W@#
#. z#.#.#.# #
###.# #.# ...
..# ... ..#
?!.###.#
//.#z#.# ###.#


You could see a wraith and a flying skull.

Vanquished Creatures
  An orc warrior (D:6)
  4 ogres
  3 scorpions
  4 wights (Ossuary)
  2 howler monkeys
  A bullfrog zombie (D:5)
  2 orc priests (D:6)
  A hound (D:6)
  5 orc wizards
  Jessica (D:2)
  A worker ant (D:6)
  2 iguanas
  Natasha (thrice) (D:3)
  A killer bee zombie (D:5)
  A worker ant zombie (D:6)
  7 gnolls
  5 adders
  A shadow imp (D:5)
  2 white imps
  An ooze (D:4)
  An adder skeleton (D:2)
  3 worms
  A dart slug (D:4)
  2 leopard geckos
  9 orcs
  3 giant cockroaches
  11 goblins
  9 hobgoblins
  14 jackals
  3 quokkas
  2 ball pythons
  2 ball python skeletons (Ossuary)
  6 bats
  4 frilled lizards
  A hobgoblin zombie (Ossuary)
  9 kobolds
  A leopard gecko skeleton (D:5)
  An orc skeleton (Ossuary)
  2 orc zombies (Ossuary)
  7 rats
139 creatures vanquished.

Vanquished Creatures (collateral kills)
  A worker ant (D:5)
1 creature vanquished.

Grand Total: 140 creatures vanquished

Notes
Turn   | Place    | Note
-------+----------+-------------------------------------------
     0 | D:1      | Nolbo the Draconian Transmuter began the quest for the Orb.
     0 | D:1      | Reached XP level 1. HP: 16/16 MP: 3/3
   159 | D:1      | Reached XP level 2. HP: 19/23 MP: 5/5
   762 | D:1      | Reached skill level 2 in Fighting
   938 | D:1      | Reached XP level 3. HP: 27/29 MP: 6/6
  1362 | D:2      | Learned a level 2 spell: Wereblood
  1366 | D:2      | Learned a level 3 spell: Spider Form
  1652 | D:2      | Noticed Jessica
  1666 | D:2      | Killed Jessica
  1667 | D:2      | Reached XP level 4. HP: 28/37 MP: 7/7
  1943 | D:2      | Reached skill level 3 in Fighting
  2466 | D:3      | Noticed an angel
  2468 | D:3      | Found a glowing silver altar of Zin.
  2468 | D:3      | Noticed Natasha
  2484 | D:3      | Killed Natasha
  2751 | D:2      | Reached XP level 5. HP: 45/45 MP: 4/8
  2963 | D:3      | Noticed Natasha
  2983 | D:3      | Killed Natasha
  2984 | D:3      | Reached skill level 4 in Fighting
  3821 | D:3      | Reached XP level 6. HP: 52/52 MP: 9/9
  4004 | D:3      | Found a shimmering altar of Xom.
  4059 | D:3      | Noticed Natasha
  4078 | D:3      | Killed Natasha
  4079 | D:3      | Reached skill level 1 in Shields
  5027 | D:4      | Found a staircase to the Ecumenical Temple.
  5037 | Temple   | Entered the Ecumenical Temple
  5085 | Temple   | Became a worshipper of Makhleb the Destroyer
  5101 | D:4      | Reached skill level 5 in Fighting
  5125 | D:4      | Found a snail-covered altar of Cheibriados.
  5215 | D:4      | Found Core Tal's Magic Scroll Emporium.
  5221 | D:4      | Bought a scroll of remove curse for 30 gold pieces
  5221 | D:4      | Bought a scroll of identify for 20 gold pieces
  5221 | D:4      | Bought a scroll of fog for 20 gold pieces
  5221 | D:4      | Bought a scroll of noise for 10 gold pieces
  5340 | D:5      | Entered Level 5 of the Dungeon
  5347 | D:5      | Reached skill level 5 in Transmutations
  5373 | D:5      | Your scales start taking on a lurid green colour.
  5373 | D:5      | Reached XP level 7. HP: 31/61 MP: 10/10
  5373 | D:5      | Gained mutation: Your system is resistant to poisons.
                  | (rPois) [Green Draconian growth]
  5522 | D:5      | Gained mutation: Your muscles are strong. (Str +2) [potion
                  | of mutation]
  5522 | D:5      | Gained mutation: You expend magic power (3 MP) to
                  | strengthen your wands. [potion of mutation]
  5947 | D:5      | Found a blossoming altar of Fedhas.
  6588 | D:5      | Reached skill level 6 in Fighting
  6952 | D:6      | Reached * piety under Makhleb
  6967 | D:6      | Reached XP level 8. HP: 52/70 MP: 11/11
  7077 | D:6      | Found a sand-covered staircase.
  7084 | Ossuary  | Entered an ossuary
  7551 | Ossuary  | Reached skill level 7 in Fighting
  7692 | Ossuary  | Noticed a flying skull
  7698 | Ossuary  | Noticed a flying skull
  7700 | Ossuary  | Noticed a flying skull
  7730 | Ossuary  | HP: 1/58 [wraith (12)]
  7732 | Ossuary  | Slain by a wraith

Illustrated notes

Levels and vault maps discovered:
D:1:      dpeg_arrival_short_road, layout_basic, minmay_tromino_i2
D:2:      layout_rooms, hangedman_decor_push, st_stairs_3, uniq_jessica
D:3:      layout_loops_corners, grunt_temple_overflow_order_and_chaos_1,
          uniq_natasha
D:4:      layout_rooms, kennysheep_slug_shrine, minmay_temple_entry_crystal_x,
          serial_shops, shop
D:5:      layout_loops_ring, lemuel_round_altar
D:6:      layout_loops_ring, vehumet_statue, nicolae_ossuary_entry_plus
Temple:   eino_temple_lava
Ossuary:  ossuary_due_cavern

Skill      XL: |  1  2  3  4  5  6  7  8 |
---------------+-------------------------+-----
Fighting       | 2 3 4 5 6 7 |  7.0
Transmutations | 3 4 5 6 |  6.7
Shields        | 2 4 |  4.9
Dodging        | |  1.7
Unarmed Combat | |  3.0
Spellcasting   | |  2.6

Action                   |  1- 3 |  4- 6 |  7- 9 || total
-------------------------+-------+-------+-------++-------
Melee: Unarmed           |   138 |   291 |   231 ||   660
       Tailslap          |    12 |    32 |    25 ||    69
       Kick              |     4 |    14 |    20 ||    38
       Headbutt          |     1 |     9 |    18 ||    28
       Punch             |       |     2 |     2 ||     4
 Cast: Beastly Appendage |     2 |    11 |     9 ||    22
       Wereblood         |       |     6 |     3 ||     9
       Spider Form       |       |     3 |     1 ||     4
 Abil: Breathe Noxious F |       |       |     8 ||     8
Evoke: Wand              |       |       |     5 ||     5
  Use: Potion            |       |     3 |     2 ||     5
       Scroll            |       |     7 |     5 ||    12
 Stab: Sleeping          |     1 |       |       ||     1
       Confused          |       |       |     4 ||     4
Armor: Skin              |    37 |    77 |    51 ||   165
Dodge: Dodged            |    71 |   155 |   109 ||   335
